 Dungeon Crawl Stone Soup version 0.26.1-10-gdfb7c7de75 (webtiles) character file.

Game seed: 15284385573647048129

92 Phaedo the Sneak (level 4, -1/31 HPs)
             Began as an Octopode Delver on Apr 7, 2021.
             Was a Follower of Nemelex Xobeh.
             Killed from afar by an orc wizard (9 damage)
             ... with a magic dart
             ... on level 3 of the Dungeon.
             The game lasted 00:05:21 (3230 turns).

Phaedo the Sneak (Octopode Delver)                  Turns: 3230, Time: 00:05:21

Health: -1/31      AC:  1    Str: 11    XL:     4   Next: 60%
Magic:  4/4        EV: 14    Int: 13    God:    Nemelex Xobeh [*.....]
Gold:   127        SH:  0    Dex: 13    Spells: 3/3 levels left

rFire    . . .     SeeInvis .   a - +0 dagger (venom)
rCold    . . .     Faith    .   (no shield)
rNeg     . . .     Spirit   .   (helmet restricted)
rPois    .         Reflect  .   (no amulet)
rElec    .         Harm     .   (no ring)
rCorr    .         Rampage  .   (no ring)
Will     .....                  (no ring)
Stlth    ++++......             (no ring)
HPRegen  0.10/turn              (no ring)
MPRegen  0.09/turn              (no ring)
                                (no ring)
                                (no ring)

@: no status effects
A: almost no armour, stealthy swim, amphibious, 8 rings, constrict 8, camouflage
1, gelatinous body 1
a: Renounce Religion, Draw Escape, Draw Destruction, Draw Summoning


You were on level 3 of the Dungeon.
You worshipped Nemelex Xobeh.
Nemelex Xobeh was aware of your devotion.
You visited 1 branch of the dungeon, and saw 5 of its levels.

You collected 127 gold pieces.

Inventory:

Hand Weapons
 a - a +0 dagger of venom (weapon)
 b - a +0 hunting sling
 s - a +0 spear
Missiles
 m - 47 sling bullets
 o - 128 stones
 p - 13 poisoned darts (quivered)
 z - 6 bolts
Jewellery
 k - an uncursed amulet of faith {unknown}
 l - a +6 ring of dexterity {unknown}
 q - a +4 ring of evasion {unknown}
 C - an uncursed ring of protection from cold {unknown}
Wands
 f - a wand of digging (3)
Scrolls
 c - a scroll of magic mapping
 d - a scroll of fear
 j - 2 scrolls of enchant armour {unknown}
 n - 4 scrolls of remove curse {unknown}
 r - a scroll of enchant weapon {unknown}
 u - a scroll of noise {unknown}
 v - a scroll of fog
 x - 4 scrolls of identify {unknown}
 y - a scroll of immolation {unknown}
Potions
 e - 3 potions of haste
 g - 2 potions of curing {unknown}
 h - a potion of mutation {unknown}
 i - 2 potions of brilliance {unknown}
 t - a potion of flight {unknown}
 w - a potion of attraction {unknown}
 A - a potion of heal wounds {unknown}
 B - a potion of berserk rage {unknown}


   Skills:
 + Level 3.2 Fighting
 - Level 2.5 Polearms
 + Level 2.9 Dodging
 * Level 7.3 Stealth
 + Level 1.7 Evocations


You had 3 spell levels left.
You didn't know any spells.
Your spell library was empty.

Dungeon Overview and Level Annotations

Branches:
Dungeon (5/15)
 Temple: D:4-7

Altars:
Dithmenos
Nemelex Xobeh
Trog
Wu Jian


Innate Abilities, Weirdness & Mutations

You cannot wear most types of armour.
You are very stealthy in the water. (Stealth+)
You are amphibious.
You can wear up to eight rings at the same time.
You can use your tentacles to constrict eight enemies at once.
Your skin changes colour to match your surroundings (Stealth+).
Your rubbery body absorbs attacks. (AC +1, EV +1)


Message History

You constrict the orc. The orc hits you with a +0 hand axe.
You hit the orc but do no damage.
The orc looks as sick as possible!
The orc is almost dead.
You constrict the orc, but do no damage.
You kill the orc!
You barely miss the orc. You grab the orc. Your squeeze misses the orc.
You constrict the orc. The orc hits you but does no damage.
You hit the orc but do no damage.
The orc is moderately wounded.
You constrict the orc. The orc hits you with a +0 mace!
You hit the orc.
The orc is poisoned.
The orc is severely wounded.
You constrict the orc. The orc hits you with a +0 mace!
* * * LOW HITPOINT WARNING * * *
You release your grip on the orc.
You kill the orc!
A magic dart appears from out of thin air!
The magic dart hits you!
You die...
Your body glows slightly and disappears.

#.#.§.#...# #........
#..#.#....# #........
#..#.##...######).......
#.###..#.#.#....##.'........
#..........#..#.##.#........
######........#.##.#[.......
#..##.......o.#........
#..<....##{##.#........
#....<@....##.#........
#..#÷......##.#........
#......8...##o#########
##.#..8.8..##.#
#.#.8._.8..#.#
#.#..8.8...#)#
#.#...8.....>.
#.............# .....#


There were no monsters in sight!

Vanquished Creatures
  An adder zombie (D:5)
  3 worms
  3 dart slugs (D:1)
  2 leopard geckos (D:5)
  4 orcs
  4 ball pythons
  5 bats
  5 giant cockroaches
  9 goblins
  2 hobgoblins
  5 jackals
  7 kobolds
  A quokka (D:2)
  3 frilled lizards
  12 rats
66 creatures vanquished.

Notes
Turn   | Place    | Note
-------+----------+-------------------------------------------
     0 | D:5      | Phaedo the Octopode Delver began the quest for the Orb.
     0 | D:5      | Reached XP level 1. HP: 16/16 MP: 1/1
   103 | D:5      | Found a sparkling altar of Nemelex Xobeh.
   107 | D:5      | Became a worshipper of Nemelex Xobeh the Trickster
   149 | D:5      | Found a bloodstained altar of Trog.
   199 | D:5      | Reached XP level 2. HP: 18/21 MP: 2/2
   362 | D:5      | Found an ornate altar of the Wu Jian Council.
   768 | D:3      | Reached skill level 1 in Evocations
   870 | D:3      | Reached XP level 3. HP: 21/26 MP: 3/3
   942 | D:3      | Found a shadowy altar of Dithmenos.
   955 | D:3      | Reached skill level 7 in Stealth
  1079 | D:3      | Found a faded altar of an unknown god.
  1278 | D:1      | Reached * piety under Nemelex Xobeh
  1788 | D:1      | Reached XP level 4. HP: 13/31 MP: 4/4
  2235 | D:1      | Received a gift from Nemelex Xobeh
  3230 | D:3      | Killed from afar by an orc wizard

Illustrated notes

Levels and vault maps discovered:
D:1:      dpeg_arrival_prison, layout_basic
D:2:      layout_basic
D:3:      layout_basic, chequers_ecumenical_altar_simple_redux,
          grunt_dithmenos_smoke_and_mirrors
D:4:      layout_layer_cave, uniq_sigmund
D:5:      layout_basic, lemuel_crystal_altar, basic_altar,
          gammafunk_ghost_nasty_kobolds, nemelex_diamond_rough_becter

Skill      XL: |  1  2  3 |
---------------+----------+-----
Evocations     | 1 |  1.7
Stealth        | 7 |  7.3
Fighting       | |  3.2
Polearms       | |  2.5
Dodging        | |  2.9

Action                   |  1- 3 |  4- 6 || total
-------------------------+-------+-------++-------
Melee: Spear             |    51 |       ||    51
       Constrict         |    15 |    12 ||    27
       Tentacles         |     5 |     4 ||     9
       Dagger            |    31 |    37 ||    68
Throw: Dart              |    15 |       ||    15
 Stab: Sleeping          |    19 |    11 ||    30
       Distracted        |     1 |       ||     1
Armor: Skin              |     1 |     6 ||     7
Dodge: Dodged            |    46 |    13 ||    59
